 Dungeon Crawl Stone Soup version 0.23-a0-183-gf37f6fb (webtiles) character file.

149 namelastname112 the Sneak (level 5, 0/44 HPs)
             Began as a Draconian Assassin on Sept 21, 2018.
             Slain by a hobgoblin
             ... wielding a +0 club
             ... led by Robin
              (6 damage)
             ... on level 2 of the Dungeon.
             The game lasted 00:02:13 (1593 turns).

namelastname112 the Sneak (Draconian Assassin)      Turns: 1593, Time: 00:02:14

Health: 0/44       AC:  6    Str: 14    XL:     5   Next: 9%
Magic:  5/5        EV: 12    Int: 11    God:
Gold:   79         SH:  0    Dex: 13    Spells: 4/4 levels left

rFire    . . .     SeeInvis .   o - +2 dagger (speed)
rCold    . . .     Gourm    .   (no shield)
rNeg     . . .     Faith    .   (armour unavailable)
rPois    .         Spirit   .   (helmet restricted)
rElec    .         Reflect  .   c - +0 cloak
rCorr    .         Harm     .   (no gloves)
MR       .....     Rnd*Tele +   (no boots)
Stlth    +++.......             (no amulet)
HPRegen  0.14/turn              h - ring of teleportation (curse)
MPRegen  0.09/turn              (no ring)

@: no status effects
A: unfitting armour, cold-blooded, AC +5
a: no special abilities


You were on level 2 of the Dungeon.
You were not hungry.

You visited 1 branch of the dungeon, and saw 2 of its levels.

You collected 79 gold pieces.

Inventory:

Hand Weapons
 a - a +2 dagger
 b - a +0 blowgun
 o - a +2 dagger of speed (weapon)
Missiles
 d - 8 poisoned needles
 e - 2 curare-tipped needles
Armour
 c - a +0 cloak (worn)
Jewellery
 h - a cursed ring of teleportation (left hand)
Scrolls
 i - 2 scrolls of fog {unknown}
 j - a scroll of teleportation {unknown}
 k - 3 scrolls of identify {unknown}
 n - a scroll of blinking {unknown}
Potions
 g - a potion of lignification {unknown}
 l - a potion of curing {unknown}
 m - a potion of might {unknown}
Comestibles
 f - 8 rations


   Skills:
 + Level 2.8 Fighting
 * Level 3.3 Short Blades
 + Level 2.3 Throwing
 + Level 1.7 Dodging
 * Level 4.6 Stealth


You had 4 spell levels left.
You didn't know any spells.
Your spell library was empty.

Dungeon Overview and Level Annotations

Branches:
Dungeon (2/15)

Altars:


Innate Abilities, Weirdness & Mutations

Your plain brown scales are hard. (AC +5)
You cannot fit into any form of body armour.
You are cold-blooded and may be slowed by cold attacks.


Message History

o - a dagger of speed The hobgoblin hits you but does no damage.
Wield which item (- for none, * to show all)? (? for menu, Esc to quit)
Your hands tingle!
o - a +2 dagger of speed (weapon)
You hit the goblin.
You kill the goblin!
You hit the hobgoblin.
The hobgoblin is moderately wounded.
You barely miss the hobgoblin.
The hobgoblin is moderately wounded.
The hobgoblin hits you with a club.
* * * LOW HITPOINT WARNING * * *
You take 2 damage, and have 6/44 hp.
You hit the hobgoblin but do no damage.
The hobgoblin is moderately wounded.
You closely miss the hobgoblin.
The hobgoblin is moderately wounded.
The hobgoblin hits you with a club.
You die...

#..# #.#.#
#..###)#.#
#.?#.....#
#..#.#...#.#
#.........(#
#######.#.....###
#....(....#...#
#g#†(((†#.#####
#@#..)..#.#
#.#.###)#.# #.###
#.#.# #.. ..#.#
### ###.# .#


You could see a hobgoblin.

Vanquished Creatures
  Natasha (D:2)
  Robin (D:2)
  A gnoll (D:1)
  5 adders (D:2)
  An ooze (D:2)
  2 dart slugs
  A ball python (D:1)
  4 giant cockroaches (D:1)
  9 goblins
  6 hobgoblins
  2 jackals (D:1)
  5 bats
  3 frilled lizards
  7 kobolds
  A quokka skeleton (D:2)
  3 rats (D:2)
52 creatures vanquished.

Notes
Turn   | Place    | Note
-------+----------+-------------------------------------------
     0 | D:1      | namelastname112 the Draconian Assassin began the quest for
                  | the Orb.
     0 | D:1      | Reached XP level 1. HP: 17/17 MP: 1/1
    19 | D:1      | Reached skill level 1 in Dodging
   160 | D:1      | Reached XP level 2. HP: 22/24 MP: 2/2
   391 | D:1      | Reached skill level 4 in Stealth
   571 | D:1      | Reached XP level 3. HP: 30/30 MP: 3/3
  1161 | D:2      | Noticed Natasha
  1177 | D:2      | Killed Natasha
  1177 | D:2      | Reached XP level 4. HP: 13/37 MP: 4/4
  1566 | D:2      | Noticed Robin
  1570 | D:2      | Reached XP level 5. HP: 21/42 MP: 5/5
  1580 | D:2      | Killed Robin
  1593 | D:2      | Slain by a hobgoblin

Vault maps used:
D:1:      eino_arrival_tree_alley, kennysheep_pointless_box
D:2:      nicolae_gozag_seed_capital, first_ration, uniq_natasha, uniq_robin

Skill      XL: |  1  2  3 |
---------------+----------+-----
Dodging        | 1 |  1.7
Stealth        | 4 |  4.6
Throwing       | 2 |  2.3
Short Blades   | 3 |  3.3
Fighting       | |  2.8

Action                   |  1- 3 |  4- 6 || total
-------------------------+-------+-------++-------
Melee: Dagger            |    91 |    67 ||   158
       Tailslap          |     4 |     5 ||     9
 Stab: Sleeping          |    10 |     4 ||    14
  Eat: Chunk             |     1 |     1 ||     2
Armor: Skin              |    24 |    14 ||    38
Dodge: Dodged            |    52 |    38 ||    90

Table legend:
 A = Non-vault XP
 B = Vault XP
 C = Vault XP percentage of total XP
 D = Non-vault monster count
 E = Vault monster count
 F = Vault count percentage of total count
                 A         B        C        D         E       F
            +---------+---------+-------+---------+---------+-------
      Total |     151 |      62 |  29.1 |      44 |       8 |  15.4
            +---------+---------+-------+---------+---------+-------
        D:1 |      57 |       0 |   0.0 |      25 |       0 |   0.0
        D:2 |      94 |      62 |  39.7 |      19 |       8 |  29.6
            +---------+---------+-------+---------+---------+-------
